Unix NetHack Version 5.0.0-0 post-release - last build Jun 10 2026 00:39:30 (3ee93aec679c4c4259841fe613dc97188e26a321,branch:main).

Game began 2026-07-06 00:56:31, ended 2026-07-06 01:04:31.

Brudee, chaotic female human Rogue

  ----------
  |........|
  |..<.....|
  --.--|----
    ##
    ##
    ####
     #*###
       )###
         #
         #
         d@e
           r
           r.
            ...
            ....
            -----

Brudee the Cutpurse     St:13 Dx:17 Co:14 In:10 Wi:10 Ch:11  Chaotic S:448
Dlvl:5  $:38 HP:0(19) Pw:14(14) AC:4  Xp:3/50 T:1012  Hungry   Burdened

Latest messages:
 You throw 2 daggers.
 The 1st dagger hits the wererat.
 The 2nd dagger hits the wererat.
 You kill the wererat!
 Welcome to experience level 3.
 Are you sure you want to pray? [yn] (n) y
 You begin praying to Kos.
 You are surrounded by a shimmering light.
 You finish your prayer.
 You feel that Kos is well-pleased.
 You feel purified.
 You see here a dagger.
 You have a little trouble lifting 11 +0 daggers.  Continue? [ynq] (q) q
 There are several objects here.
 You have a little trouble lifting 11 +0 daggers.  Continue? [ynq] (q) y
 You have a little trouble lifting b - 11 +0 daggers (alternate weapons; not wielded) (12 in total).
 z - 2 potions of healing.
 A - a potion of healing.
 B - 2 potions of healing.
 C - a sack.
 D - an orange gem.
 Your movements are slowed slightly because of your load.
 Shaggy picks up a dagger.
 You hear a thud.
 You attack thin air.
 You see here 7 daggers.
 You learn more about your items by comparing them.
 You have a little trouble lifting b - 7 +0 daggers (alternate weapons; not wielded) (19 in total).
 Shaggy drops a dagger.
 You are beginning to feel hungry.
 You swap places with Shaggy.
 You hit the floating eye!
 You are frozen by the floating eye's gaze!
 Shaggy drops a rock.
 The sewer rat bites!
 The sewer rat bites!
 The sewer rat bites!
 The sewer rat bites!
 The sewer rat bites!
 The sewer rat misses!
 Shaggy picks up a rock.
 The sewer rat bites!
 The sewer rat bites!
 The sewer rat bites!
 The sewer rat bites!
 Shaggy drops a rock.
 The sewer rat bites!
 You die...
 Do you want your possessions identified? [ynq] (y) y
 Do you want to see your attributes? [ynq] (y) q

Inventory:
 Coins    ('$')
  $ - 38 gold pieces
 Weapons  (')')
  b - 19 +0 daggers (alternate weapons; not wielded)
  h - a +0 dwarvish mattock
  a - a +0 short sword (weapon in left hand)
 Armor    ('[')
  p - an uncursed +0 elven leather helm (being worn)
  w - an uncursed +0 elven mithril-coat (being worn)
 Comestibles  ('%')
  u - 2 uncursed food rations
  r - 2 uncursed lembas wafers
  m - an uncursed tripe ration
 Scrolls  ('?')
  t - an uncursed scroll of enchant weapon
  x - an uncursed scroll of identify
  q - an uncursed scroll of teleportation
 Spellbooks  ('+')
  n - an uncursed spellbook of confuse monster
  y - an uncursed spellbook of detect monsters
  v - an uncursed spellbook of fireball
 Potions  ('!')
  B - 2 blessed potions of healing
  A - an uncursed potion of healing
  z - 2 cursed potions of healing
  s - a blessed potion of oil
  d - an uncursed potion of sickness
  i - an uncursed potion of water
 Tools    ('(')
  f - an empty uncursed sack
  C - an empty uncursed sack
  e - an uncursed lock pick
 Gems/Stones  ('*')
  l - 2 uncursed amber stones
  k - 2 uncursed topaz stones
  j - 3 uncursed worthless pieces of black glass
  D - a cursed worthless piece of orange glass

Brudee the Rogue's attributes:

Background:
 You were a Cutpurse, a level 3 female human Rogue.
 You were chaotic, on a mission for Kos
 who was opposed by Issek (lawful) and Mog (neutral).
 You were left-handed.
 You were in the Dungeons of Doom, on level 5.
 You entered the dungeon 1012 turns ago.
 It was nighttime.
 You had 50 experience points, 30 more were needed to attain level 4.
 Your score was 448 before end-of-game adjustments.

Basics:
 You had 0 out of 19 hit points.
 You had all 14 energy points (spell power).
 Your armor class was 4.
 Your wallet contained 38 zorkmids.
 Autopickup was on for '$!=+?/"' plus thrown.

Final Characteristics:
 Your strength was 13 (limit:18/100).
 Your dexterity was 17 (limit:18).
 Your constitution was 14 (limit:18).
 Your intelligence was 10 (limit:18).
 Your wisdom was 10 (limit:18).
 Your charisma was 11 (limit:18).

Final Status:
 You were hungry.
 You were burdened; movement was slightly slowed.
 You were wielding a short sword.
 You had basic skill with short sword.

Final Attributes:
 You were devoutly aligned.
 You were stealthy.
 You were guarded.
 You are dead.

Miscellaneous:
 You encountered 1 bones level.
 Total elapsed playing time was 7 minutes and 59 seconds.

Major events:
 Turn
    1: Brudee the chaotic female human Rogue entered the dungeon
  977: attained the rank of Cutpurse (level 3)
 1012: killed by a sewer rat, while frozen by a floating eye's gaze

You didn't know any spells.

Skills:
 Fighting Skills
   bare handed combat [Unskilled]
   two weapon combat  [Unskilled]
   riding             [Unskilled]
 Weapon Skills
   dagger             [Basic]
   knife              [Unskilled]
   short sword        [Basic]
   broadsword         [Unskilled]
   long sword         [Unskilled]
   two-handed sword   [Unskilled]
   saber              [Unskilled]
   club               [Unskilled]
   mace               [Unskilled]
   morning star       [Unskilled]
   flail              [Unskilled]
   hammer             [Unskilled]
   polearms           [Unskilled]
   spear              [Unskilled]
   crossbow           [Unskilled]
   dart               [Unskilled]
   shuriken           [Unskilled]
 Spellcasting Skills
   divination spells  [Unskilled]
   escape spells      [Unskilled]
   matter spells      [Unskilled]

Voluntary challenges:
 Character rerolling was not enabled.
 You were illiterate.
 You never genocided any monsters.
 You never polymorphed an object.
 You never changed form.
 You used no wishes.
Achievements:
 You entered a shop.
 You attained the rank of Cutpurse.

 The Dungeons of Doom: levels 1 to 5
    Level 1:
       A fountain.
    Level 2:
       A food shop.
    Level 3:
       Some fountains, a sink.
    Level 4:
    Level 5: <- You were here.
       Final resting place for
          you, killed by a sewer rat, while frozen by a floating eye's gaze,
          MonkMan11-Rog-Hum-Mal-Cha, killed by a wererat.


Vanquished creatures:
  a wererat
 an acid blob
  a hobbit
  a giant rat
  a red mold
  4 jackals
  2 sewer rats
  6 grid bugs
  4 lichens
  3 newts
24 creatures vanquished.

No species were genocided or became extinct.

Game over:
                       ----------
                      /          \
                     /    REST    \
                    /      IN      \
                   /     PEACE      \
                  /                  \
                  |      Brudee      |
                  |      38 Au       |
                  |   killed by a    |
                  |    sewer rat     |
                  |                  |
                  |                  |
                  |       2026       |
                 *|     *  *  *      | *
        _________)/\\_//(\/(/\)/\//\/|_)_______

Goodbye Brudee the Rogue...

You died in The Dungeons of Doom on dungeon level 5 with 445 points,
and 38 pieces of gold, after 1012 moves.
You were level 3 with a maximum of 19 hit points when you died.

